 Dungeon Crawl Stone Soup version 0.27-a0-1273-gec92ba881d (webtiles) character file.

Game seed: 4292797439470495802

13794 pmoppi the Slicer (level 12, -2/71 HPs)
             Began as a Vine Stalker Brigand on June 11, 2021.
             Was a Follower of Ashenzari.
             Slain by a yak (7 damage)
             ... on level 10 of the Dungeon.
             The game lasted 00:13:34 (7921 turns).

pmoppi the Slicer (Vine Stalker Brigand)            Turns: 7921, Time: 00:13:35

Health: -2/71      AC: 11    Str: 14    XL:     12   Next: 9%
Magic:  0/13       EV: 15    Int: 11    God:    Ashenzari [*.....]
Gold:   474        SH:  0    Dex: 21    Spells: 11/11 levels left

rFire    . . .     SeeInvis .   i - +3 short sword of the Bound Anxiety {elec, Fort, Self} (curse)
rCold    . . .     Faith    .   (no shield)
rNeg     . . .     Spirit   +   y - +0 acid dragon scales "Eternal Augurer" {rCorr, Cun, Bglg} (curse)
rPois    .         Reflect  .   g - +0 helmet
rElec    .         Harm     .   c - +0 cloak
rCorr    +         Rampage  .   (no gloves)
Will     +....                  m - +2 pair of boots
Stlth    ++++......             t - amulet of regeneration
HPRegen  2.21/turn              (no ring)
MPRegen  0.13/turn              (no ring)

@: studying Long Blades
A: fangs 3, regeneration 1, magic shield, antimagic bite, no potion heal 2
a: Renounce Religion, Curse Item, Shatter the Chains


You were on level 10 of the Dungeon.
You worshipped Ashenzari.
Ashenzari was aware of your devotion.
You visited 2 branches of the dungeon, and saw 11 of its levels.

You collected 474 gold pieces.

Inventory:

Hand Weapons
 a - a +2 dagger
 i - the cursed +3 short sword of the Bound Anxiety (weapon) {elec, Fort, Self}
   (You took it off a kobold on level 1 of the Dungeon)

   Occasionally, upon striking a foe, it can discharge electrical energy and
   cause terrible harm.
   It has a curse which improves the following skills: Fortitude: Armour and
   Shields.
   Introspection: Fighting and Spellcasting.
 p - a +4 vampiric hand axe
 C - a +0 rapier
 E - a +3 scimitar of flaming
Missiles
 d - 18 poisoned darts (quivered)
 e - 3 curare-tipped darts
 D - a throwing net
 F - 4 boomerangs of dispersal
Armour
 c - a +0 cloak (worn)
 g - a +0 helmet (worn)
 m - a +2 pair of boots (worn)
 y - the cursed +0 acid dragon scales "Eternal Augurer" (worn) {rCorr, Cun, Bglg}
   (You took it off Maggie on level 6 of the Dungeon)

   It protects you from acid and corrosion.
   It has a curse which improves the following skills: Cunning: Dodging and
   Stealth.
   Beguiling: Conjurations, Hexes and Translocations.
Magical Staves
 u - a staff of death
Jewellery
 t - an amulet of regeneration (around neck)
Wands
 q - a wand of paralysis (11)
 s - a wand of polymorph (12)
 A - a wand of flame (29)
Scrolls
 f - a scroll of fog
 h - 3 scrolls of silence
 j - 6 scrolls of teleportation
 l - 4 scrolls of vulnerability
 o - 3 scrolls of magic mapping
 v - 4 scrolls of amnesia
 B - a scroll of brand weapon
Potions
 b - a potion of invisibility
 k - 7 potions of flight
 r - 3 potions of curing
 w - 2 potions of cancellation
 x - a potion of ambrosia
 z - 2 potions of might


   Skills:
 + Level 11.0(11.8) Fighting
 - Level 12.0 Short Blades
 - Level 1.7 Throwing
 - Level 4.9(5.9) Dodging
 - Level 8.0(9.0) Stealth


You had 11 spell levels left.
You didn't know any spells.
Your spell library contained the following spells:

 Spells                   Type           Power      Damage    Failure   Level
 Magic Dart               Conj           0%         1d3       45%         1
 Shock                    Conj/Air       0%         1d3       45%         1
 Blink                    Tloc           N/A        N/A       58%         2
 Slow                     Hex            0%         N/A       58%         2
 Static Discharge         Conj/Air       0%         N/A       58%         2
 Call Imp                 Summ           0%         N/A       61%         2
 Poisonous Vapours        Pois/Air       0%         N/A       61%         2
 Conjure Flame            Conj/Fire      0%         6-21      83%         3
 Ignite Poison            Fire/Tmut/Pois 0%         N/A       83%         3
 Mephitic Cloud           Conj/Pois/Air  0%         N/A       83%         3
 Swiftness                Air            0%         N/A       83%         3
 Airstrike                Air            0%         N/A       99%         4
 Cause Fear               Hex            0%         N/A       99%         4
 Fireball                 Conj/Fire      0%         3d3       100%        5
 Freezing Cloud           Conj/Ice/Air   0%         6-21      100%        5
 Lightning Bolt           Conj/Air       0%         1d11      100%        5
 Summon Mana Viper        Hex/Summ       0%         N/A       100%        5
 Invisibility             Hex            0%         N/A       100%        6
 Starburst                Conj/Fire      0%         8x6d3     100%        6
 Ignition                 Fire           0%         3d3       100%        8


Dungeon Overview and Level Annotations

Branches:
Dungeon (10/15)            Temple (1/1) D:6
   Lair: D:8-11         Orc: D:9-12

Altars:
Ashenzari
Cheibriados
Dithmenos
Elyvilon
Fedhas
Gozag
Hepliaklqana
Kikubaaqudgha
Makhleb
Nemelex Xobeh
Okawaru
Qazlal
Ru
Sif Muna
Trog
Uskayaw
Vehumet
Wu Jian
Xom
Yredelemnul
Zin
The Shining One


Innate Abilities, Weirdness & Mutations

You have razor-sharp teeth.
Your natural rate of healing is unusually fast.
When hurt, damage is shared between your health and your magic reserves.
Your bite disrupts and absorbs the magic of your enemies.
Potions cannot restore your health.


Message History

The yak is severely wounded.
You barely miss the yak.
The yak is severely wounded.
The yak barely misses you.
The white ugly thing tail-slaps you but does no damage.
You hit the yak.
The yak is severely wounded.
The yak gores you!
You puncture the yak!
The yak is almost dead.
The yak gores you but does no damage. The white ugly thing tail-slaps you!
The white ugly thing freezes you!!
You hit the yak but do no damage. Lightning courses through the yak!
You kill the yak!
Your Fighting skill increases to level 11!
You puncture the white ugly thing!
The white ugly thing is lightly wounded.
The yak completely misses you. The white ugly thing tail-slaps you!
The white ugly thing freezes you!!
* * * LOW HITPOINT WARNING * * *
You are too injured to fight recklessly!
You are too injured to fight recklessly!
You are too injured to fight recklessly!
You are too injured to fight recklessly!
You are too injured to fight recklessly!
You are too injured to fight recklessly!
You are too injured to fight recklessly!
You are too injured to fight recklessly!
You are too injured to fight recklessly!
You are too injured to fight recklessly!
You are too injured to fight recklessly!
You are too injured to fight recklessly!
You are too injured to fight recklessly!
You are too injured to fight recklessly!
You are too injured to fight recklessly!
You are too injured to fight recklessly!
You are too injured to fight recklessly!
You are too injured to fight recklessly!
The yak gores you!
You die...

............................
............................
........######..............
........# #..............
........# #.....####.....
#####...# #.....#..#.....
#...######.....#..######
#..............#........
#......@.....###........
######Y##....#..........
......uY.# ...#..........
.........# ..###........
.........# ...#........
######...# ..######### #...#
. ...... #...# ...... #...#
......


You could see a white ugly thing and 2 yaks.

Vanquished Creatures
  Gastronok (D:8)
  Snorg (D:10)
  A boulder beetle (D:9)
  Harold (D:7)
  A hydra (D:8)
  4 two-headed ogres
  Erica (D:8)
  2 centaur zombies
  Maggie (D:6)
  The ghost of dang3rdave the Chopper, a novice GrAK of Lugonu (D:6)
  A troll (D:10)
  A wyvern (D:8)
  4 yaks (D:10)
  A steam dragon (D:10)
  Grum (D:8)
  2 swamp worms (D:9)
  2 water moccasins
  An acid dragon (D:9)
  Duvessa (D:7)
  3 black bears
  3 sky beasts
  4 ogres
  2 wolves (D:8)
  3 centaurs
  2 phantoms
  2 kobold brigands
  A scorpion (D:5)
  Dowan (D:7)
  3 bullfrogs
  A water moccasin zombie (D:7)
  6 killer bees
  A howler monkey (D:5)
  A bullfrog zombie (D:6)
  2 bullfrog skeletons
  3 hounds
  5 orc priests
  5 jellies
  10 orc wizards
  Terence (D:3)
  2 howler monkey zombies
  5 adders
  2 howler monkey skeletons
  A shadow imp (D:6)
  An ufetubus (D:7)
  An adder skeleton (D:4)
  A dart slug (D:1)
  15 orcs
  2 ball pythons
  7 endoplasms
  3 giant cockroaches
  7 hobgoblins
  6 jackals
  24 kobolds
  4 quokkas
  4 bats
  3 frilled lizards (D:1)
  4 goblins
  8 rats
187 creatures vanquished.

Vanquished Creatures (others)
  2 plants (D:9)
2 creatures vanquished.

Grand Total: 189 creatures vanquished

Notes
Turn   | Place    | Note
-------+----------+-------------------------------------------
     0 | D:1      | pmoppi the Vine Stalker Brigand began the quest for the
                  | Orb.
     0 | D:1      | Reached XP level 1. HP: 11/11 MP: 2/2
    60 | D:1      | Reached skill level 2 in Short Blades
    78 | D:1      | Reached skill level 1 in Dodging
    78 | D:1      | Reached XP level 2. HP: 12/15 MP: 3/3
    82 | D:1      | Reached skill level 5 in Stealth
   169 | D:1      | Found a faded altar of an unknown god.
   294 | D:1      | Reached XP level 3. HP: 11/18 MP: 2/4
  1000 | D:2      | Gained mutation: Your natural rate of healing is unusually
                  | fast. [Vine Stalker growth]
  1000 | D:2      | Reached XP level 4. HP: 23/23 MP: 5/5
  1246 | D:3      | Noticed Terence
  1254 | D:3      | Killed Terence
  1256 | D:3      | Reached skill level 3 in Short Blades
  1573 | D:4      | Reached XP level 5. HP: 21/27 MP: 2/6
  1789 | D:4      | Reached XP level 6. HP: 32/32 MP: 7/7
  1994 | D:4      | Noticed a sky beast
  2002 | D:4      | Killed a sky beast
  2003 | D:4      | Reached skill level 4 in Short Blades
  2437 | D:5      | Entered Level 5 of the Dungeon
  2445 | D:5      | Reached XP level 7. HP: 36/36 MP: 8/8
  2652 | D:5      | Reached skill level 5 in Short Blades
  2818 | D:5      | Gained mutation: You have razor-sharp teeth. [Vine Stalker
                  | growth]
  2818 | D:5      | Reached XP level 8. HP: 42/42 MP: 9/9
  3206 | D:6      | Noticed Maggie
  3220 | D:6      | Killed Maggie
  3221 | D:6      | Reached skill level 6 in Short Blades
  3329 | D:6      | Found a staircase to the Ecumenical Temple.
  3357 | Temple   | Entered the Ecumenical Temple
  3547 | Temple   | Became a worshipper of Ashenzari the Shackled
  3674 | D:6      | Reached skill level 5 in Fighting
  3674 | D:6      | Reached skill level 7 in Short Blades
  3674 | D:6      | Reached XP level 9. HP: 47/47 MP: 10/10
  3779 | D:6      | Found a runed translucent door.
  3783 | D:6      | Noticed dang3rdave's ghost (novice GrAK)
  4013 | D:6      | Killed dang3rdave's ghost
  4157 | D:7      | Reached skill level 8 in Short Blades
  4459 | D:7      | Noticed Dowan
  4461 | D:7      | Noticed Duvessa
  4484 | D:7      | Identified the cursed +0 acid dragon scales "Eternal
                  | Augurer" {rCorr, Cun, Bglg} (You took it off Maggie on
                  | level 6 of the Dungeon)
  4488 | D:7      | Killed Duvessa
  4497 | D:7      | Killed Dowan
  4643 | D:7      | Noticed Harold
  4695 | D:7      | Killed Harold
  4696 | D:7      | Reached skill level 9 in Short Blades
  4696 | D:7      | Reached XP level 10. HP: 43/53 MP: 9/11
  4755 | D:7      | Reached * piety under Ashenzari
  4808 | D:7      | Found an ornate altar of the Wu Jian Council.
  5088 | D:8      | Noticed Erica
  5106 | D:8      | Killed Erica
  5164 | D:8      | Noticed a four-headed hydra
  5172 | D:8      | Killed a four-headed hydra
  5173 | D:8      | Reached skill level 10 in Short Blades
  5210 | D:8      | Noticed a two-headed ogre
  5222 | D:8      | HP: 1/56 [two-headed ogre/+0 giant club (10)]
  5239 | D:8      | Killed a two-headed ogre
  5246 | D:8      | Noticed Grum
  5258 | D:8      | Killed Grum
  5583 | D:8      | Noticed Gastronok
  5606 | D:8      | Killed Gastronok
  5607 | D:8      | Reached skill level 11 in Short Blades
  5607 | D:8      | Reached XP level 11. HP: 47/62 MP: 12/12
  6074 | D:9      | Noticed a boulder beetle
  6076 | D:9      | Identified the Compendium of Hexes
  6083 | D:9      | Killed a boulder beetle
  6639 | D:10     | Entered Level 10 of the Dungeon
  6662 | D:10     | Reached skill level 12 in Short Blades
  6662 | D:10     | Noticed Snorg
  6667 | D:10     | Noticed a two-headed ogre
  6667 | D:10     | Noticed a two-headed ogre
  6669 | D:10     | Noticed a two-headed ogre
  6680 | D:10     | Killed Snorg
  6701 | D:9      | Killed a two-headed ogre
  7277 | D:9      | Killed a two-headed ogre
  7278 | D:9      | Reached skill level 10 in Fighting
  7284 | D:9      | Killed a two-headed ogre
  7829 | D:10     | Reached XP level 12. HP: 70/70 MP: 13/13
  7920 | D:10     | HP: 3/71 [white ugly thing (26)]
  7921 | D:10     | Slain by a yak

Illustrated notes

Levels and vault maps discovered:
D:1:      dpeg_arrival_line_fractal, layout_rooms, basic_ecumenical_altar,
          moated_statue, chequers_serial_rivers_micro_c,
          minmay_misc_feat_rugged, hex_intersection, minmay_misc_feat_rows,
          minmay_bisected
D:2:      layout_basic, serial_glass, glass_columns_a, glass_columns_a,
          glass_columns_c, glass_columns_b, glass_columns_c, glass_columns_a,
          minmay_indecisive_spiral
D:3:      layout_basic, minmay_misc_feat_pillars, kennysheep_generic_room_11,
          uniq_ijyb, uniq_terence
D:4:      layout_cave_pods
D:5:      layout_loops_ring, st_stairs_1, serial_park_tiny_pond, dk_vineyard_1
D:6:      layout_rooms, minmay_temple_entry_crystal_x, ebering_ghost_sewer_d,
          uniq_maggie
D:7:      layout_gridville, kennysheep_little_box, minmay_manual_mares,
          uniq_duvessa, uniq_harold
D:8:      layout_gridville, feat_on_display, uniq_gastronok, uniq_erica,
          uniq_grum
D:9:      layout_cave_pods, worms_lemuel
D:10:     kennysheep_blocky_hall, layout_irregular_city, minmay_pinched_square,
          uniq_snorg
Temple:   kilobyte_greek_temple

Skill      XL: |  1  2  3  4  5  6  7  8  9 10 11 12 |
---------------+-------------------------------------+-----
Short Blades   | 2 3 4 5 7 9 11 12 | 12.0
Dodging        | 1 2 3 4 |  4.9
Stealth        | 5 6 7 8 |  8.0
Fighting       | 2 3 5 6 8 10 11 | 11.0
Throwing       | |  1.7

Action                   |  1- 3 |  4- 6 |  7- 9 | 10-12 || total
-------------------------+-------+-------+-------+-------++-------
Melee: Dagger            |    66 |       |       |       ||    66
       Bite              |    13 |    22 |    92 |    97 ||   224
       Short sword       |    26 |   106 |   220 |   278 ||   630
Invok: Curse Item        |       |       |     1 |     1 ||     2
  Use: Scroll            |       |       |       |     3 ||     3
 Stab: Distracted        |     3 |       |       |     2 ||     5
       Sleeping          |     7 |     9 |     4 |     4 ||    24
Armor: Robe              |    34 |    44 |       |       ||    78
       Leather armour    |       |    12 |    42 |       ||    54
       Acid dragon scale |       |       |    52 |    53 ||   105
Dodge: Dodged            |    48 |    84 |   117 |   148 ||   397

Table legend: (Time is in decaauts)
 A = Elapsed time spent in this place.
 B = Non-inter-level travel time spent in this place.
 C = Inter-level travel time spent in this place.
 D = Time resting spent in this place.
 E = Time spent auto-exploring this place.
 F = Levels seen in this place.
 G = Mean time per level.
                   A        B        C        D        E       F      G
               +--------+--------+--------+--------+--------+-----+--------+
         Total |   7749 |   7287 |    462 |    397 |   5505 |  11 |  704.5 |
       Dungeon |   7522 |   7116 |    406 |    397 |   5337 |  10 |  752.2 |
        Temple |    226 |    170 |     56 |      0 |    168 |   1 |  226.0 |
               +--------+--------+--------+--------+--------+-----+--------+

Top non-repeatable levels by time:
     D:9: 1598 daAuts
     D:8: 1103 daAuts
     D:4: 899 daAuts
     D:7: 882 daAuts
     D:1: 754 daAuts
     D:5: 695 daAuts
     D:6: 676 daAuts
     D:2: 434 daAuts
     D:3: 331 daAuts
  Temple: 226 daAuts
    D:10: 147 daAuts
